 Dungeon Crawl Stone Soup version 0.29.1-1-gd02db6906a (webtiles) character file.

Game seed: 8080523415269928996

1533 croobank the Caller (level 8, -6/54 HPs)
             Began as an Octopode Summoner on Sept 29, 2022.
             Was an Initiate of Gozag.
             Mangled by a cyan ugly thing (16 damage)
             ... on level 6 of the Dungeon on Sept 30, 2022.
             The game lasted 00:25:25 (6741 turns).

croobank the Caller (Octopode Summoner)             Turns: 6741, Time: 00:25:26

Health: -6/54      AC:  1    Str:  7    XL:     8   Next: 85%
Magic:  18/24      EV: 14    Int: 20    God:    Gozag
Gold:   257        SH:  0    Dex: 12    Spells: 3/16 levels left

rFire   . . .      SeeInvis .   a - +0 war axe
rCold   . . .      Faith    .   (no shield)
rNeg    . . .      Spirit   .   (helmet restricted)
rPois   .          Reflect  .   (no amulet)
rElec   .          Harm     .   f - ring of magical power
rCorr   .          Rampage  .   e - ring of willpower
Will    +....                   (no ring)
Stlth   ++++......              (no ring)
HPRegen 0.18/turn               (no ring)
MPRegen 0.19/turn               (no ring)
                                (no ring)
                                (no ring)

@: gold aura
A: almost no armour, amphibious, 8 rings, camouflage 1, gelatinous body 1,
(nimble swimmer 1), tentacles
a: Renounce Religion, Potion Petition, Call Merchant, Bribe Branch


You were on level 6 of the Dungeon.
You worshipped Gozag.
Gozag was aware of your devotion.
You visited 2 branches of the dungeon, and saw 7 of its levels.
You also visited: Ossuary.

You collected 363 gold pieces.
You paid 106 gold pieces to Gozag.

Inventory:

Hand Weapons
 a - a +0 war axe (weapon)
 b - a +0 sling
 n - a +2 sling of freezing
Missiles
 t - 4 curare-tipped darts (quivered)
 x - a throwing net
Magical Staves
 B - a staff of fire
Jewellery
 e - a ring of willpower (right tentacle)
 f - a ring of magical power (left tentacle)
 y - a +4 ring of protection
 C - a ring of poison resistance
Wands
 w - a wand of charming (5)
Scrolls
 c - a scroll of identify
 i - a scroll of torment {unknown}
 j - a scroll of magic mapping
 l - a scroll of brand weapon {unknown}
 o - 3 scrolls of enchant armour {unknown}
 v - 2 scrolls of blinking {unknown}
 D - a scroll of amnesia {unknown}
 E - a scroll of vulnerability
 F - a scroll of summoning {unknown}
Potions
 d - 3 potions of might {unknown}
 g - 2 potions of cancellation
 h - a potion of attraction {unknown}
 k - a potion of resistance {unknown}
 m - a potion of magic
 p - 2 potions of heal wounds
 q - a potion of flight {unknown}
 r - a potion of lignification {unknown}
 u - a potion of curing
 z - 2 potions of berserk rage {unknown}
 A - 2 potions of haste {unknown}
 G - a potion of brilliance {unknown}


   Skills:
 + Level 3.7 Fighting
 + Level 5.1 Dodging
 - Level 4.4 Stealth
 + Level 4.8 Spellcasting
 + Level 3.7 Hexes
 + Level 6.2 Summonings
 + Level 2.2 Air Magic


You had 3 spell levels left.
You knew the following spells:

 Your Spells              Type           Power      Damage    Failure   Level
a - Summon Small Mammal   Summ           100%       N/A       1%          1
b - Call Imp              Summ           29%        N/A       1%          2
c - Call Canine Familiar  Summ           29%        N/A       2%          3
d - Summon Guardian Gole  Hex/Summ       24%        N/A       4%          3
e - Summon Lightning Spi  Summ/Air       21%        N/A       21%         4

Your spell library contained the following spells:

 Spells                   Type           Power      Damage    Failure   Level


Dungeon Overview and Level Annotations

Branches:
Dungeon (6/15)             Temple (1/1) D:5         Ossuary (visited)

Altars:
Cheibriados
Dithmenos
Elyvilon
Gozag
Hepliaklqana
Kikubaaqudgha
Nemelex Xobeh
Okawaru
Qazlal
Sif Muna
Trog
Vehumet
Wu Jian
Yredelemnul
Zin
The Shining One

Annotations:
D:3 1 runed translucent door, gzilladon's ghost, weakling HOMo


Innate Abilities, Weirdness & Mutations

You cannot wear most types of armour.
You are amphibious.
You can wear up to eight rings at the same time.
Your skin changes colour to match your surroundings (Stealth+).
Your rubbery body absorbs attacks. (AC +1, EV +1)
((You are camouflaged when in or above water. (Stealth+)))
You have tentacles for arms and can constrict up to eight enemies at once.


Message History

Your hound's corpse disappears in a puff of smoke!
Something hits your guardian golem but does no damage.
The orc hits your guardian golem but does no damage.
Your guardian golem overheats!
Your bat barely misses the orc.
Your quokka completely misses the cyan ugly thing.
The orc attacks as you move away! The orc misses you.
Your bat hits the orc. The orc closely misses your bat.
Your bat hits the cyan ugly thing but does no damage.
Something barely misses your guardian golem.
The orc hits your guardian golem but does no damage.
Throw: javelin (silver)
Press: ? - help, Q - select action, (/) - cycle Shift-Dir - straight line, f/p - cyan ugly thing
Aim: a cyan ugly thing (lightly wounded, ally target, 57% to hit, chaotic)
You throw a silver javelin.
The silver javelin closely misses the cyan ugly thing.
Your bat hits the cyan ugly thing but does no damage.
Your bat hits the orc.
Your quokka bites the cyan ugly thing.
The cyan ugly thing claws you! The cyan ugly thing shocks you!
Something hits your guardian golem but does no damage.
Your bat closely misses the orc.
Your quokka bites the cyan ugly thing.
The cyan ugly thing barely misses you. The orc barely misses you.
Something hits your guardian golem but does no damage.
Your bat hits the orc.
The orc dies!
Throw: 5 darts (curare)
Press: ? - help, Q - select action, (/) - cycle Shift-Dir - straight line, f/p - cyan ugly thing
Aim: a cyan ugly thing (lightly wounded, ally target, 57% to hit)
You throw a curare-tipped dart.
The curare-tipped dart hits the cyan ugly thing.
The cyan ugly thing is poisoned.
The cyan ugly thing convulses.
The cyan ugly thing seems to slow down.
The cyan ugly thing is moderately wounded.
Your bat hits the cyan ugly thing.
Your quokka barely misses the cyan ugly thing.
The cyan ugly thing claws you!
* * * LOW HITPOINT WARNING * * *
The cyan ugly thing shocks you!
You die...
Your body crumbles into a pile of gold.

##........ ###
#......... #.##
###....... ##..##
#.......
#....#####.......
#...###..........
#####....#.....##....
#....................
#...@#...............
#..bu##..............
#...r##..............
#...9##........#####.
###o{{.........#
##.o.......#...
#oo....[###... .....o
.......


You could see a cyan ugly thing (very poisoned, slow, ally target), 4 orcs, a
friendly guardian golem (summoned, inner flame), a friendly quokka (summoned,
sheltered) and a friendly bat (summoned, sheltered).

Vanquished Creatures
  A phantom (D:5)
  A necrophage (D:4)
  A scorpion (D:4)
  A hound (D:5)
  An adder (D:4)
  A worm (D:3)
  A dart slug (D:5)
  4 ball pythons
  4 bats
  2 endoplasms (D:3)
  A giant cockroach (D:3)
  2 goblins (D:3)
  6 jackals
  2 quokkas
  2 kobolds (D:2)
  A rat (D:2)
31 creatures vanquished.

Vanquished Creatures (collateral kills)
  A nameless horror (D:5)
  A water moccasin (D:4)
  An ice beast (D:6)
  2 phantoms
  A bullfrog (D:6)
  A necrophage (D:5)
  A scorpion (D:4)
  Dowan (D:4)
  A howler monkey (D:4)
  A hound (D:5)
  A jelly (D:4)
  2 iguanas
  4 adders
  3 gnolls
  A shadow imp (D:5)
  An ufetubus (D:6)
  4 worms
  A dart slug (D:1)
  2 orcs
  11 ball pythons
  3 endoplasms
  A giant cockroach (D:3)
  8 hobgoblins
  8 jackals
  A quokka (D:4)
  3 bats (D:2)
  5 frilled lizards
  5 goblins
  5 kobolds
  2 rats (D:2)
82 creatures vanquished.

Vanquished Creatures (others)
  Duvessa (D:4)
  A black bear (D:4)
  An ogre (D:5)
  A scorpion (D:5)
  A gnoll bouda (D:5)
  2 gnolls (D:5)
  2 endoplasms (D:4)
  A hobgoblin (D:4)
10 creatures vanquished.

Grand Total: 123 creatures vanquished

Notes
Turn   | Place    | Note
-------+----------+-------------------------------------------
     0 | D:1      | croobank the Octopode Summoner began the quest for the Orb.
     0 | D:1      | Reached XP level 1. HP: 11/11 MP: 3/3
   325 | D:1      | Reached XP level 2. HP: 17/17 MP: 1/5
   925 | D:1      | Found a faded altar of an unknown god.
   941 | D:1      | Reached XP level 3. HP: 7/21 MP: 6/6
  1140 | D:1      | Learned a level 2 spell: Call Imp
  1144 | D:1      | Learned a level 3 spell: Call Canine Familiar
  1822 | D:2      | Noticed a phantom
  1855 | D:2      | Killed a phantom
  1856 | D:2      | Reached XP level 4. HP: 22/27 MP: 7/8
  1856 | D:2      | Reached XP level 5. HP: 25/31 MP: 7/9
  2355 | D:3      | Found a runed translucent door.
  2375 | D:3      | Noticed gzilladon's ghost (weakling HOMo)
  3616 | D:3      | Learned a level 3 spell: Summon Guardian Golem
  3850 | D:4      | Noticed a phantom
  3882 | D:4      | Found a sand-covered staircase.
  3887 | Ossuary  | Entered an ossuary
  3998 | D:4      | Reached skill level 1 in Fighting
  3998 | D:4      | Reached skill level 5 in Summonings
  3998 | D:4      | Reached XP level 6. HP: 30/38 MP: 10/10
  4120 | D:4      | Reached skill level 1 in Hexes
  4194 | D:4      | Noticed a black bear
  4198 | D:4      | Noticed Duvessa
  4204 | D:4      | Noticed Dowan
  4228 | D:4      | Killed Duvessa
  4229 | D:4      | Reached XP level 7. HP: 44/44 MP: 9/12
  4378 | D:4      | Killed Dowan
  4865 | D:4      | Found a snail-covered altar of Cheibriados.
  5021 | D:4      | Reached XP level 8. HP: 51/51 MP: 14/14
  5076 | D:4      | Learned a level 4 spell: Summon Lightning Spire
  5346 | D:5      | Entered Level 5 of the Dungeon
  5364 | D:5      | Noticed a nameless horror
  5370 | D:5      | Killed a nameless horror
  5552 | D:5      | Reached skill level 1 in Air Magic
  5738 | D:5      | Reached skill level 6 in Summonings
  5933 | D:5      | Reached skill level 5 in Dodging
  5971 | D:5      | Found a staircase to the Ecumenical Temple.
  5977 | Temple   | Entered the Ecumenical Temple
  5984 | Temple   | Became a worshipper of Gozag Ym Sagoz the Greedy
  6091 | D:5      | Found an ornate altar of the Wu Jian Council.
  6559 | D:6      | Found a stormy altar of Qazlal.
  6585 | D:6      | Noticed an air elemental
  6613 | D:6      | Noticed a water elemental
  6728 | D:6      | Noticed a cyan ugly thing
  6741 | D:6      | Mangled by a cyan ugly thing

Illustrated notes

Levels and vault maps discovered:
D:1:      minmay_arrival_four_loops, layout_loops_ring,
          chequers_ecumenical_altar_island
D:2:      layout_loops_ring
D:3:      layout_basic, portal_sewer_entry_e, ebering_ghost_sewer_d,
          dreamdust_wishing_well
D:4:      minmay_opposing_rooms, layout_basic, cheibrodos_worm_habitat,
          enter_ossuary_2, nicolae_figureground_sparkle, uniq_duvessa
D:5:      layout_basic, nicolae_overflow_hidden_temple,
          minmay_temple_entry_metal_lava
D:6:      layout_cave_pools, nicolae_qazlal_style_of_elements,
          serial_column_ruins, column_ruins_hut_ruined,
          column_ruins_columns_straight, column_ruins_columns_water,
          column_ruins_columns_straight, column_ruins_grid_3,
          column_ruins_grid_4, column_ruins_columns_dead_end, patterned_corridor
Temple:   cyrus_circular_temple

Skill      XL: |  1  2  3  4  5  6  7  8 |
---------------+-------------------------+-----
Stealth        | 3 4 |  4.4
Dodging        | 3 4 5 |  5.1
Spellcasting   | 3 4 |  4.8
Fighting       | 1 2 3 |  3.7
Summonings     | 5 6 |  6.2
Hexes          | 1 2 3 |  3.7
Air Magic      | 2 |  2.2

Action                   |  1- 3 |  4- 6 |  7- 9 || total
-------------------------+-------+-------+-------++-------
Melee: Unarmed           |    14 |       |       ||    14
       Tentacles         |     6 |     7 |     9 ||    22
       Constrict         |     3 |     9 |     6 ||    18
       Punch             |     1 |       |     1 ||     2
       War axe           |     7 |    42 |    36 ||    85
Throw: Javelin           |       |       |     4 ||     4
       Dart              |       |       |     1 ||     1
 Cast: Summon Small Mamm |    46 |    43 |    34 ||   123
       Call Imp          |     4 |    16 |    14 ||    34
       Call Canine Famil |     2 |    10 |    15 ||    27
       Summon Guardian G |       |     2 |    14 ||    16
  Use: Scroll            |       |     8 |       ||     8
       Potion            |       |     1 |       ||     1
 Stab: Sleeping          |       |     4 |     2 ||     6
       Distracted        |       |     1 |       ||     1
Armor: Skin              |     3 |     5 |     1 ||     9
Dodge: Dodged            |    21 |    56 |    42 ||   119
